AoeStats
← AOELG_bravedave92

Glade

510744341Analyzed
1v1 RM · 1d ago on Oct 2, 2026· 41m 27s· 2 players
Game mode
Random Map
Map size
Tiny (2 player)
Population
200
Speed
Normal
Resources
Standard
Victory
Conquest
Starting age
Dark Age
Ending age
Imperial Age
RankedLock teamsTeams togetherTeam positionsShared explorationLock speedFull tech treeHidden civsTurbo modeCheats
Victory
Defeat
🇪🇸 Burgundians · Spain
937
+14
🇩🇪 Vikings · Germany
902
-14
AOELG_bravedave92
5:42 Loom
9:28 Feudal Age
11:45 Double-Bit Axe
15:17 Man-at-Arms
19:50 Castle Age
18:23 Forging
18:29 Horse Collar
18:55 Scale Mail Armor
18:46 Man-at-Arms
19:29 Fletching
20:30 Long Swordsman
22:56 Bow Saw
25:15 Iron Casting
25:46 Chain Mail Armor
29:42 Bodkin Arrow
33:33 Heavy Plow
38:28 Imperial Age
36:15 Gold Mining
38:24 Stone Mining
39:53 Plate Mail Armor
38:56 Capped Ram
41:15 Two-Man Saw
pirugitos
9:37 Double-Bit Axe
11:49 Feudal Age
15:54 Horse Collar
16:38 Forging
20:53 Castle Age
18:59 Gold Mining
19:07 Arson
20:04 Bow Saw
20:02 Heavy Plow
20:40 Gold Shaft Mining
21:32 Scale Barding Armor
20:58 Cavalier
23:02 Stone Mining
23:24 Loom
24:51 Wheelbarrow
24:33 Town Watch
26:52 Chain Barding Armor
33:40 Imperial Age
33:08 Iron Casting
33:43 Two-Man Saw
33:47 Hand Cart
35:52 Chemistry
36:53 Blast Furnace
36:46 Plate Barding Armor
36:55 Elite Coustillier
40:35 Padded Archer Armor
40:54 Fletching
Connection lost

Rejoining the realm…

Still unreachable

The connection could not be restored.

Session expired

The server has moved on; the page needs a fresh start.